Map: Ley Lines

Players

ManlyManMeat

  • Race: Zerg Zerg
  • League: Diamond
  • Spawn Location: 7:00

FLOPYYYY - Winner!

  • Race: Terran Terran
  • League: Master
  • Spawn Location: 1:00

VOD

Have the link to the VOD?

Description

Time

  • Played on: July 3, 2025, 4:17 p.m.
  • Length: 25:28
Show
View Real Time Build Order
Export as new Build Order

ManlyManMeat Zerg 

Build Orders: Hatch First 

Get SALT Encoding   

  12  0:00  Drone  
  13  0:09  Drone  
  14  0:15  Extractor  
  14  0:16  Drone  
  15  0:22  Overlord  
  15  0:40  Drone  
  16  0:47  Hatchery  
  15  0:51  Drone  
  15  0:54  Drone  
  17  0:58  Drone  
  18  1:08  Extractor  
  17  1:14  Spawning Pool  
  17  1:17  Drone  
  17  1:21  Drone  
  18  1:26  Drone  
  19  1:37  Drone  
  20  2:00  Zergling x2  
  20  2:01  Zergling x2  
  22  2:02  Queen x2  
  22  2:03  Overlord  
  26  2:16  Drone x2  
  28  2:37  Drone  
  28  2:38  Drone x3  
  32  2:45  Metabolic Boost  
  32  3:01  Queen  
  32  3:03  Overlord, Hatchery  
  33  3:10  Drone x2  
  33  3:12  Overlord  
  35  3:29  Queen  
  35  3:32  Drone x3  
  35  3:33  Drone  
  41  3:47  Drone x5  
  46  3:53  Baneling Nest, Extractor  
  43  4:08  Drone x2  
  43  4:09  Drone x3  
  48  4:22  Queen  
  50  4:25  Overlord x2  
  50  4:30  Drone x3  
  52  4:33  Drone x4  
  56  4:38  Queen  
  56  4:39  Lair  
  56  4:42  Evolution Chamber  
  57  4:49  Spore Crawler  
  57  4:50  Spore Crawler  
  51  4:54  Zergling x6  
  51  4:56  Zergling x2  
  52  5:04  Hatchery  
  51  5:08  Zerg Melee Weapons Level 1  
  51  5:09  Zergling x4  
  51  5:10  Zergling x4, Drone x2  
  49  5:20  Drone x3  
  49  5:37  Drone x2  
  51  5:50  Drone x4  
  51  5:54  Drone x3  
  51  5:55  Drone x3  
  61  6:14  Zergling x10  
  61  6:15  Overlord x2, Hatchery  
  63  6:20  Spore Crawler  
  63  6:21  Spore Crawler  
  59  6:30  Drone x5  
  64  6:32  Baneling  
  64  6:33  Baneling x6  
  62  6:43  Drone x5  
  67  6:51  Drone  
  67  6:52  Drone x5  
  72  6:57  Centrifugal Hooks  
  68  7:19  Zergling x22  
  68  7:20  Zergling x12  
  84  7:26  Spore Crawler  
  84  7:28  Spore Crawler  
  82  7:34  Drone x3  
  82  7:35  Drone  
  86  7:39  Drone x2  
  86  7:40  Drone  
  89  7:46  Zerg Melee Weapons Level 2, Infestation Pit  
  89  7:49  Evolution Chamber  
  75  8:06  Baneling x3  
  71  8:18  Hatchery  
  70  8:20  Hatchery  
  70  8:22  Zergling x2, Extractor  
  70  8:23  Zergling x30, Overlord x2  
  70  8:24  Overlord x2  
  70  8:25  Drone x2, Extractor  
  70  8:26  Drone  
  83  8:34  Overlord x2  
  83  8:48  Drone x5  
  85  8:49  Drone  
  85  8:51  Zerg Ground Armor Level 1  
  88  8:56  Zergling x22  
  98  9:12  Baneling x3  
  98  9:13  Baneling x6  
  98  9:14  Zergling x24  
  98  9:17  Baneling x2  
  110  9:19  Drone x2  
  97  9:45  Infestor  
  97  9:49  Drone x5, Extractor  
  97  9:50  Drone x4, Extractor  
  97  9:51  Drone x2  
  108  9:59  Baneling x6  
  106  10:22  Infestor  
  106  10:24  Zergling x46  
  106  10:25  Zergling x2  
  129  10:33  Baneling x8  
  129  10:34  Zergling x18  
  135  10:48  Infestor  
  135  10:49  Zergling x4  
  140  10:50  Zergling x2  
  121  11:13  Zergling x24  
  121  11:14  Zergling x6, Overlord x4  
  123  11:30  Zergling x34  
  124  11:43  Zergling x2  
  124  11:44  Zergling x14  
  125  11:50  Zergling x22  
  125  11:51  Zergling x6  
  139  11:58  Drone  
  139  11:59  Drone x2  
  142  12:09  Baneling  
  142  12:10  Hatchery, Baneling x13  
  142  12:12  Zergling x2  
  142  12:13  Zergling x26  
  155  12:22  Zerg Ground Armor Level 2  
  153  12:23  Hive  
  152  12:39  Zergling x2  
  152  12:40  Zergling x20  
  123  13:03  Zergling x18  
  123  13:04  Zergling x18  
  130  13:17  Baneling x7  
  130  13:18  Baneling x10  
  128  13:20  Overseer  
  128  13:28  Drone x8  
  128  13:34  Queen  
  123  13:59  Zergling x2  
  123  14:00  Zergling x38  
  129  14:07  Drone x6  
  133  14:27  Baneling x8  
  133  14:28  Baneling x4  
  133  14:30  Zergling x30  
  147  14:46  Overseer x2  
  147  14:47  Overseer x3  
  110  15:15  Zergling x14  
  110  15:21  Zerg Melee Weapons Level 3, Zerg Ground Armor Level 3  
  104  15:22  Adrenal Glands  
  104  15:30  Zergling x2  
  104  15:31  Zergling x16  
  104  15:35  Infestor x4  
  119  15:36  Zergling x28  
  119  15:37  Zergling x18  
  117  16:32  Baneling  
  114  16:33  Baneling x5  
  114  16:39  Hatchery  
  111  16:43  Zergling x24  
  111  16:44  Zergling x32  
  131  16:57  Zergling x24  
  131  16:58  Zergling x12  
  146  17:06  Baneling x10  
  143  17:20  Ultralisk Cavern  
  143  17:21  Drone  
  143  17:22  Drone x3  
  146  17:23  Drone  
  146  17:26  Hatchery  
  146  17:38  Zergling x16, Overlord  
  146  17:39  Overlord x3  
  124  18:08  Zergling x2, Ultralisk x5  
  124  18:09  Zergling x4  
  146  18:28  Ultralisk x2  
  146  18:29  Zergling x2  
  159  18:39  Zergling x12  
  146  19:05  Zergling x12  
  146  19:06  Zergling x24  
  153  19:20  Ultralisk x2  
  171  19:31  Ultralisk, Extractor  
  171  19:33  Extractor  
  130  20:12  Ultralisk x2  
  130  20:13  Zergling x40  
  130  20:14  Zergling x26  
  166  20:17  Queen  
  157  20:30  Zergling x18, Ultralisk  
  157  20:35  Infestor  
  174  20:52  Zergling x10  
  174  20:53  Zergling x30  
  173  21:20  Ultralisk x2  
  185  21:28  Infestor  
  170  21:46  Zergling x12  
  170  21:47  Zergling x30  
  144  22:00  Ultralisk x2  
  135  22:10  Extractor  
  134  22:20  Zergling x30  
  134  22:22  Baneling x3  
  149  22:24  Baneling  
  136  22:47  Spore Crawler x2  
  134  22:58  Baneling x9  
  134  22:59  Zergling x6  
  127  23:29  Hatchery  
  126  23:37  Hatchery  
  125  24:03  Ultralisk x2  
  125  24:04  Ultralisk  
  114  24:43  Ultralisk x2  
  114  24:44  Zergling x8  
  104  24:51  Zergling x2  
Show
View Real Time Build Order
Export as new Build Order

FLOPYYYY Terran - Winner!

Build Orders: Reaper Expand, Hellion Banshee 

Get SALT Encoding   

  12  0:00  SCV  
  13  0:12  SCV  
  14  0:18  Supply Depot  
  14  0:24  SCV  
  15  0:40  SCV  
  15  0:41  Barracks  
  16  0:45  Refinery  
  16  0:52  SCV  
  17  1:04  SCV  
  18  1:16  SCV  
  19  1:29  Reaper  
  19  1:30  Orbital Command  
  20  1:42  Command Center  
  20  1:51  Supply Depot  
  20  1:58  SCV  
  21  2:09  Barracks Reactor  
  21  2:14  SCV  
  22  2:22  Factory  
  22  2:26  SCV  
  23  2:43  SCV  
  24  2:47  Refinery  
  24  2:59  Orbital Command  
  24  3:03  Bunker, SCV  
  25  3:15  SCV  
  25  3:17  Barracks Tech Lab, Starport  
  25  3:18  Hellion x2  
  30  3:26  SCV  
  31  3:27  SCV  
  32  3:35  Supply Depot  
  32  3:38  SCV  
  32  3:39  Hellion x2, SCV  
  32  3:40  Marine  
  39  3:50  SCV  
  39  3:51  SCV  
  41  3:59  Supply Depot  
  41  4:01  Hellion x2  
  45  4:09  SCV  
  46  4:11  SCV  
  47  4:17  Command Center  
  47  4:21  SCV  
  47  4:22  Hellion x2  
  47  4:23  SCV  
  53  4:33  SCV  
  53  4:35  SCV  
  53  4:36  Cloaking Field, Banshee  
  53  4:37  Marine  
  59  4:45  SCV  
  60  4:47  SCV  
  61  4:57  SCV  
  58  5:20  SCV  
  58  5:21  Marine, SCV  
  58  5:22  Hellion x2  
  59  5:33  SCV  
  58  5:36  SCV  
  58  5:39  Orbital Command  
  55  5:49  Barracks Tech Lab  
  55  5:52  Barracks  
  55  5:53  SCV x2  
  55  5:54  Barracks, Engineering Bay x2  
  55  5:56  Barracks  
  57  5:58  Refinery  
  57  5:59  Refinery, Orbital Command  
  57  6:05  SCV x2  
  59  6:17  SCV  
  60  6:20  SCV  
  60  6:22  Terran Infantry Armor Level 1, Terran Infantry Weapons Level 1  
  60  6:25  SCV  
  62  6:29  SCV  
  62  6:30  Siege Tank  
  62  6:31  Medivac x2  
  62  6:32  SCV  
  71  6:37  SCV  
  72  6:44  Barracks Tech Lab, Barracks Reactor x2  
  72  6:46  SCV  
  72  6:47  Marine, SCV  
  74  6:49  SCV  
  76  6:59  SCV  
  76  7:00  Armory  
  77  7:07  SCV  
  77  7:13  Marine, SCV x2  
  71  7:20  Marine x3  
  71  7:21  Marine  
  70  7:23  SCV  
  70  7:25  SCV  
  70  7:26  SCV  
  73  7:31  Marine x2  
  73  7:32  Combat Shield  
  73  7:33  Stimpack  
  73  7:35  SCV  
  76  7:38  SCV  
  76  7:42  Command Center  
  77  7:44  Marine x4, SCV  
  77  7:45  Supply Depot x2  
  77  7:46  Supply Depot  
  77  7:47  SCV  
  77  7:49  Marine x2  
  85  8:00  SCV  
  85  8:02  SCV  
  85  8:03  Marine  
  85  8:06  Marine  
  85  8:07  Marine  
  85  8:12  Marine x3  
  85  8:24  Siege Tank  
  85  8:26  Medivac  
  85  8:27  Marine, Medivac  
  92  8:28  Marine x2  
  92  8:29  Marine  
  92  8:30  Marine x2  
  92  8:31  SCV x3  
  101  8:36  Terran Vehicle Weapons Level 1  
  101  8:45  Marine  
  101  8:46  Marine x2  
  101  8:47  Marine x2, Factory  
  101  8:48  Marine  
  107  8:50  SCV x2  
  107  8:53  SCV  
  110  8:56  Medivac  
  110  8:57  Siege Tank, Medivac  
  110  9:00  Terran Infantry Weapons Level 2  
  117  9:03  Marine x3  
  117  9:05  Marine x3  
  123  9:26  Refinery  
  123  9:33  Siege Tank  
  115  9:51  SCV x2  
  115  9:52  Marine x3  
  118  9:53  Marine x3  
  118  9:58  Factory Tech Lab  
  123  10:06  Siege Tank  
  124  10:13  Supply Depot  
  124  10:16  Marine  
  124  10:35  Marine  
  117  10:36  Marine  
  117  11:03  Siege Tank  
  117  11:04  Marine x6  
  117  11:06  Siege Tank  
  110  11:13  Orbital Command  
  110  11:17  SCV x2  
  110  11:18  Command Center  
  107  11:22  Marine x6  
  108  11:29  SCV  
  99  11:35  Siege Tank  
  99  11:38  Siege Tank  
  99  11:39  Marine x2  
  102  11:40  Marine x3  
  102  11:41  Marine  
  108  11:47  SCV  
  108  11:49  Command Center  
  108  11:50  SCV  
  108  11:51  Terran Infantry Armor Level 2  
  108  11:52  Terran Infantry Weapons Level 3  
  109  11:58  Supply Depot x2  
  109  11:59  Supply Depot  
  109  12:07  Supply Depot  
  109  12:08  Supply Depot  
  109  12:09  Supply Depot  
  109  12:10  Refinery  
  109  12:19  Marine x3, SCV x2, Medivac x2  
  109  12:20  Siege Tank x2  
  109  12:22  Marine x2  
  124  12:24  Supply Depot  
  124  12:29  Terran Vehicle Weapons Level 2  
  126  12:31  SCV  
  126  12:35  Marine  
  128  12:37  Marine  
  128  12:38  SCV  
  128  12:42  Supply Depot  
  128  12:44  SCV  
  131  12:45  Supply Depot  
  131  12:46  Supply Depot  
  131  12:49  Marine x2, Medivac x2  
  131  12:50  Marine  
  134  12:52  Siege Tank x2  
  116  13:00  Marine x3  
  108  13:07  Marine  
  108  13:10  Marine x2  
  111  13:18  Marine x3  
  114  13:24  Siege Tank  
  114  13:25  Marine  
  114  13:26  Siege Tank  
  121  13:28  Marine x2  
  123  13:35  Marine  
  123  13:36  Marine x2  
  126  13:43  Marine  
  126  13:44  SCV  
  126  13:45  Marine, SCV  
  126  13:46  Marine  
  131  13:53  Marine x2  
  131  13:54  Marine  
  128  13:56  Siege Tank  
  128  13:58  Siege Tank  
  128  14:00  Marine  
  120  14:03  Marine x2  
  120  14:05  SCV x2  
  124  14:11  Marine x3  
  127  14:18  Marine  
  127  14:21  Marine x2  
  127  14:23  Planetary Fortress  
  126  14:29  Marine x3  
  127  14:36  Marine  
  128  14:39  Marine x2  
  130  14:47  Marine x3  
  130  14:49  Siege Tank x2  
  130  14:51  Command Center  
  139  14:54  Barracks, Marine  
  139  14:56  Barracks  
  139  14:57  Marine x2  
  141  15:04  Marine  
  141  15:05  Marine x2  
  144  15:12  Marine  
  133  15:14  Marine  
  133  15:15  Marine  
  128  15:21  Siege Tank  
  128  15:22  Marine x2  
  128  15:23  Marine  
  134  15:29  Siege Tank  
  134  15:30  Marine  
  134  15:32  Marine x2, Terran Vehicle Weapons Level 3  
  134  15:34  Terran Infantry Armor Level 3  
  140  15:40  Marine x3  
  143  15:47  Marine  
  144  15:50  Marine x2  
  144  15:54  Siege Tank  
  149  15:58  Marine x3  
  149  16:01  Siege Tank  
  155  16:05  Marine  
  155  16:08  Supply Depot, Marine x2  
  155  16:09  Supply Depot x2  
  158  16:16  Marine x3  
  161  16:23  Marine  
  155  16:26  Marine x2, Siege Tank  
  160  16:34  Marine x3  
  160  16:38  Siege Tank  
  166  16:41  Marine  
  166  16:44  Marine x2  
  169  16:51  Marine x2  
  169  16:52  Marine  
  169  16:58  Siege Tank  
  169  16:59  Marine  
  168  17:01  Marine  
  168  17:02  Marine  
  168  17:07  Barracks Reactor  
  170  17:09  Marine x3  
  170  17:11  Barracks Reactor, SCV x3  
  176  17:16  Marine  
  176  17:19  Marine x2  
  179  17:25  Command Center  
  179  17:27  Marine x3  
  182  17:33  Command Center  
  182  17:34  Marine  
  183  17:37  Command Center, Marine x2  
  183  17:42  Unknown  
  185  17:48  Marauder, Marine x2  
  185  17:49  Marauder, Marine  
  192  17:54  Refinery x2, Command Center  
  161  18:10  Marauder  
  163  18:26  Marine x2  
  163  18:27  Marine x2  
  167  18:34  Marauder  
  167  18:35  Marauder, Marine x3  
  167  18:36  Marine  
  175  18:44  Marine x3  
  175  18:45  Marine  
  179  18:53  Marine x4  
  181  18:56  Marauder x2  
  181  19:02  Marine x3  
  180  19:11  Marine  
  180  19:12  Marine  
  180  19:14  Planetary Fortress  
  173  19:17  Marauder x2  
  176  19:36  Planetary Fortress  
  176  19:39  Marauder x2  
  172  19:55  Marine x2  
  168  20:00  Marauder x2  
  136  20:18  Marine x2  
  129  20:21  Marauder x2  
  133  20:43  Marauder x2  
  137  20:52  Marine  
  137  20:53  Marine x7  
  137  20:55  Planetary Fortress  
  145  20:58  SCV x2  
  149  21:04  Marauder x2  
  149  21:10  Marine x2  
  153  21:11  Marine x4  
  153  21:17  Marine x2  
  141  21:26  Marauder x2  
  107  21:47  Marauder x2  
  107  21:48  Marine  
  107  21:49  Marine x7  
  104  22:06  Marine  
  104  22:07  Marine x4  
  113  22:08  Marauder x2  
  113  22:11  Marine  
  113  22:12  Marine x2  
  113  22:14  Siege Tank x2  
  122  22:24  Marine  
  122  22:25  Marine x4  
  122  22:29  Marine  
  132  22:30  Marauder x2  
  132  22:34  Marine x2  
  134  22:42  Marine x2  
  129  22:46  SCV, Siege Tank x2  
  129  22:47  SCV x3  
  143  22:51  Marauder x2  
  143  22:59  SCV  
  136  23:12  Marauder, SCV x3  
  140  23:13  Marauder  
  143  23:34  Marauder x2  
  143  23:41  Marine  
  143  23:42  Marine x7  
  143  23:45  Siege Tank x2  
  157  23:51  Command Center  
  157  23:52  Command Center  
  157  23:55  Marauder x2  
  161  23:59  Marine x5  
  161  24:00  Marine x3, Factory x2  
  169  24:17  Marauder x2, Marine x6, Siege Tank  
  173  24:18  Siege Tank  
  150  24:38  Marauder x2  
  150  24:43  SCV x3  
  140  24:53  Marine  
  140  24:54  Marine x7  
  140  24:55  SCV  
  140  24:59  Marauder x2  
Tags
 
Add a new tag
Caveats
  • Supply blocks, unpowered buildings, or Contaminate may cause inaccurate times.
  • Supply counts are checked every 10 seconds.